cohdb
Replays
Latest Replays
All Replays
Popular Replays
Top Player Replays
Match Explorer
How It Works
Community
CoH3 Stats
Reddit
Sign in to upload your games and track your stats! →
Sign in with Steam
Match 42540287
Unlisted
Match 42540287
Overview
Messages
Build Orders
End
Construct Infanterie Kompanie
Selects Mechanized Battlegroup
Grenadier Squad
MG 42 Machine Gun Team
Grenadier Squad
GrW 34 Mortar Team
Construct Luftwaffe Kompanie
Grenadier Squad
Infanterie Officer Quarters
Selects Mobile Repair Stations
Jäger Squad
Pioneer Squad
Medical Bunker
Jäger Squad
Selects Wespe Self-propelled Artillery
Jäger Squad
Support Elements
Selects Mechanized Assault
Wespe Self-propelled Artillery
Selects Raid Package
Marder III M Tank Destroyer
Selects StuG Assault Group
Selects UNKNOWN (2160084)
Construct Panzer Kompanie
Panther Heavy Tank
Pioneer Squad
Panther Heavy Tank
Panzer Officer Quarters
221 Scout Car
Sturmpanzer IV Brummbär
Pioneer Squad
Mechanized Assault
Stoßtruppen Squad
Pioneer Squad
Mechanized Assault
Wespe Self-propelled Artillery
ლ(´ڡ`ლ)
chrisGY
RunningWithFate
Onoyk
0
0
Comments
sign in to comment!
No comments posted yet!